 Dungeon Crawl Stone Soup version 0.23.2-11-gf996548c65 (webtiles) character file.

Game seed: 3024959678273994230

225 teukkam the Covered (level 5, -2/48 HPs)
             Began as a Minotaur Fighter on June 7, 2019.
             Was an Initiate of Nemelex Xobeh.
             Slain by a sky beast (6 damage)
             ... on level 5 of the Dungeon.
             The game lasted 00:04:42 (760 turns).

teukkam the Covered (Minotaur Fighter)               Turns: 760, Time: 00:04:43

Health: -2/48      AC:  7    Str: 22    XL:     5   Next: 68%
Magic:  4/4        EV: 12    Int:  5    God:    Nemelex Xobeh [......]
Gold:   92         SH: 10    Dex: 14    Spells: 4/4 levels left

rFire    . . .     SeeInvis .   a - +0 war axe
rCold    . . .     Gourm    .   c - +0 shield
rNeg     . . .     Faith    .   b - +0 scale mail
rPois    .         Spirit   .   (helmet restricted)
rElec    .         Reflect  .   (no cloak)
rCorr    .         Harm     .   (no gloves)
MR       .....                  (no boots)
Stlth    +.........             (no amulet)
HPRegen  0.16/turn              (no ring)
MPRegen  0.09/turn              (no ring)

@: agile, flying, hasted, very quick
A: retaliatory headbutt, horns 2
a: Draw Escape, Draw Destruction, Draw Summoning, Renounce Religion


You were on level 5 of the Dungeon.
You worshipped Nemelex Xobeh.
Nemelex Xobeh was noncommittal.
You were not hungry.

You visited 1 branch of the dungeon, and saw 5 of its levels.

You collected 92 gold pieces.

Inventory:

Hand Weapons
 a - a +0 war axe (weapon)
Missiles
 h - 7 needles of confusion
Armour
 b - a +0 scale mail (worn)
 c - a +0 shield (worn)
Scrolls
 e - 2 scrolls of identify
 k - a scroll of immolation {unknown}
 l - 3 scrolls of remove curse {unknown}
Potions
 i - a potion of cancellation
Comestibles
 f - 3 rations
 g - 5 chunks of flesh


   Skills:
 + Level 5.0 Fighting
 + Level 4.1 Axes
 + Level 5.1 Armour
 + Level 4.9 Shields


You had 4 spell levels left.
You didn't know any spells.
Your spell library was empty.

Dungeon Overview and Level Annotations

Branches:
Dungeon (5/15)
 Temple: D:4-7

Altars:
Nemelex Xobeh


Innate Abilities, Weirdness & Mutations

You reflexively headbutt those who attack you in melee.
You have a pair of horns on your head.


Message History

You feel a surge of magic. You block the sky beast's attack.
You block the leopard gecko's attack.
It was a potion of flight.
You feel very buoyant.
You fly up into the air.
The sky beast completely misses you. You furiously retaliate!
You headbutt the sky beast! You block the leopard gecko's attack.
The leopard gecko closely misses you.
The sky beast flickers out of sight!
Deactivating autopickup; reactivate with Ctrl-A.
You block the leopard gecko's attack. You block the leopard gecko's attack.
A sky beast appears from thin air!
Reactivating autopickup.
It was a potion of haste.
You feel yourself speed up. The leopard gecko barely misses you.
The sky beast hits you.
* * * LOW HITPOINT WARNING * * *
The sky beast shocks you.
You die...
Your body disappears without a glow.

..## ##.... ....## #....
......###... ........#..
.........$###
..............###
.................### .#
..........>@Y§..<...#..#
............l..........#
#....................... #
#....................... #.
#.......................
#..#........<..............
#.........†..............?
#......................
##.....................


You could see a sky beast and a leopard gecko.

Vanquished Creatures
  Menkaure (D:5)
  2 worker ants (D:5)
  An ooze (D:5)
  An adder skeleton (D:4)
  A worm (D:5)
  2 dart slugs (D:1)
  2 leopard geckos
  6 goblins
  5 hobgoblins (D:1)
  8 jackals
  2 kobolds (D:1)
  A ball python (D:1)
  5 bats (D:1)
  A frilled lizard (D:2)
  5 rats
43 creatures vanquished.

Notes
Turn   | Place    | Note
-------+----------+-------------------------------------------
     0 | D:1      | teukkam the Minotaur Fighter began the quest for the Orb.
     0 | D:1      | Reached XP level 1. HP: 19/19 MP: 0/0
    87 | D:1      | Reached XP level 2. HP: 19/27 MP: 1/1
   424 | D:1      | Reached XP level 3. HP: 33/33 MP: 2/2
   660 | D:4      | Found a sparkling altar of Nemelex Xobeh.
   669 | D:5      | Entered Level 5 of the Dungeon
   669 | D:5      | Noticed Menkaure
   682 | D:4      | Became a worshipper of Nemelex Xobeh the Trickster
   697 | D:5      | Reached XP level 4. HP: 18/41 MP: 3/3
   701 | D:5      | Killed Menkaure
   701 | D:5      | Reached skill level 5 in Armour
   701 | D:5      | Reached XP level 5. HP: 21/47 MP: 4/4
   713 | D:5      | Reached skill level 5 in Fighting
   729 | D:5      | Noticed a sky beast
   740 | D:5      | HP: 2/48 [something (6)]
   751 | D:5      | Received a gift from Nemelex Xobeh
   760 | D:5      | Slain by a sky beast

Skill      XL: |  1  2  3  4  5 |
---------------+----------------+-----
Armour         | 4 5 |  5.1
Fighting       | 4 5 |  5.0
Axes           | 3 4 |  4.1
Shields        | 4 |  4.9

Action                   |  1- 3 |  4- 6 || total
-------------------------+-------+-------++-------
Melee: War axe           |    76 |     9 ||    85
       Headbutt          |    13 |     3 ||    16
 Abil: Draw Destruction  |       |     1 ||     1
  Use: Scroll            |     2 |       ||     2
       Potion            |     1 |     3 ||     4
Armor: Scale mail        |    52 |     4 ||    56
Dodge: Dodged            |    33 |     7 ||    40
Block: Shield            |    51 |    13 ||    64
